 Dungeon Crawl Stone Soup version 0.29.1-2-gbd0b4ee654 (webtiles) character file.

Game seed: 13550934089466234182

3873 Descartes the Unseen (level 10, -8/47 HPs)
             Began as a Spriggan Delver on Nov 29, 2022.
             Was an Initiate of Gozag.
             Mangled by an eight-headed hydra (13 damage)
             ... on level 8 of the Dungeon.
             The game lasted 00:17:19 (11845 turns).

Descartes the Unseen (Spriggan Delver)             Turns: 11845, Time: 00:17:19

Health: -8/47      AC:  3    Str: 11    XL:     10   Next: 0%
Magic:  11/11      EV: 27    Int: 10    God:    Gozag
Gold:   604        SH:  5    Dex: 26    Spells: 6/9 levels left

rFire   + . .      SeeInvis +   n - +6 mace "Zorissu" {flame, rN+}
rCold   + + .      Faith    .   (no shield)
rNeg    + + .      Spirit   .   P - +0 robe {rC+ rF+}
rPois   .          Reflect  +   q - +0 hat
rElec   .          Harm     .   K - +0 cloak {Stlth+}
rCorr   .          Rampage  .   (gloves unavailable)
Will    ++...                   (boots unavailable)
Stlth   ++++++++..              S - amulet of reflection
HPRegen 0.15/turn               h - ring of positive energy
MPRegen 0.12/turn               y - ring "Gaoni" {Fly rC+ Dex+4}

@: flying, very quick
A: very small, no large weapons, unfitting armour, see invisible, speed 3, horns
1, agile 1, strong-willed 1
a: Renounce Religion, Potion Petition, Call Merchant, Bribe Branch


You were on level 8 of the Dungeon.
You worshipped Gozag.
Gozag was pleased with you.
You visited 2 branches of the dungeon, and saw 10 of its levels.

You collected 1068 gold pieces.
You spent 387 gold pieces at shops.
You paid 77 gold pieces to Gozag.

Inventory:

Hand Weapons
 n - the +6 mace "Zorissu" (weapon) {flame, rN+}
   (You found it on level 3 of the Dungeon)

   It burns those it strikes, dealing additional fire damage.
   rN:        It protects you from negative energy.
 z - a +3 dagger
 J - a +2 quarterstaff of chaos
 M - a +0 dagger of holy wrath
 T - a +4 quarterstaff of draining
Missiles
 i - 22 poisoned darts (quivered)
 p - a throwing net
Armour
 q - a +0 hat (worn)
 K - a +0 cloak of stealth (worn)
 P - a +0 robe of resistance (worn)
Magical Staves
 L - a staff of cold
Jewellery
 h - a ring of positive energy (left hand)
 y - the ring "Gaoni" (right hand) {Fly rC+ Dex+4}
   (You found it on level 2 of the Dungeon)

   [ring of flight]

   Dex:       It affects your dexterity (+4).
   rC:        It protects you from cold.
   Fly:       It grants you flight.
 C - an amulet of guardian spirit
 S - an amulet of reflection (around neck)
 V - an amulet of magic regeneration
 X - an amulet of the acrobat
Wands
 g - a wand of digging (3)
 t - a wand of mindburst (21)
 E - a wand of roots (22)
 G - a wand of polymorph (10)
 N - a wand of flame (12)
 W - a wand of acid (5)
Scrolls
 c - 2 scrolls of fog
 d - 3 scrolls of magic mapping
 e - 2 scrolls of fear
 j - a scroll of noise {unknown}
 k - a scroll of vulnerability {unknown}
 m - 2 scrolls of brand weapon
 o - 3 scrolls of amnesia
 r - 6 scrolls of teleportation
 s - 2 scrolls of summoning {unknown}
 v - 2 scrolls of poison
 B - 2 scrolls of blinking
 D - 2 scrolls of enchant armour {unknown}
 I - a scroll of enchant weapon {unknown}
 Q - 2 scrolls of immolation
Potions
 a - a potion of ambrosia {unknown}
 f - 2 potions of haste
 l - 5 potions of curing
 u - a potion of magic {unknown}
 x - 2 potions of mutation
 A - 2 potions of heal wounds
 F - 3 potions of attraction
 H - a potion of berserk rage {unknown}
 O - a potion of lignification {unknown}
 R - a potion of experience {unknown}
 U - a potion of flight {unknown}


   Skills:
 - Level 2.4 Fighting
 - Level 2.5 Short Blades
 + Level 4.8 Maces & Flails
 + Level 9.5 Dodging
 * Level 16.4 Stealth
 + Level 5.4 Translocations


You had 6 spell levels left.
You knew the following spells:

 Your Spells              Type           Power      Damage    Failure   Level
a - Teleport Other        Tloc           10%        N/A       12%         3

Your spell library contained the following spells:

 Spells                   Type           Power      Damage    Failure   Level
 Gell's Gravitas          Tloc           10%        N/A       12%         3
 Lesser Beckoning         Tloc           10%        N/A       12%         3
 Sting                    Tmut/Pois      0%         1d3       36%         1
 Poisonous Vapours        Pois/Air       0%         N/A       50%         2
 Sublimation of Blood     Necr           0%         N/A       50%         2
 Wereblood                Tmut           0%         N/A       50%         2
 Stone Arrow              Conj/Erth      0%         3d7       75%         3
 Iskenderun's Mystic Bla  Conj/Tloc      5%         2d3       77%         4
 Animate Armour           Summ/Erth      0%         N/A       98%         4
 Fulminant Prism          Conj/Hex       0%         3d6       98%         4
 Olgreb's Toxic Radiance  Pois           0%         N/A       98%         4
 Petrify                  Tmut/Erth      0%         N/A       98%         4
 Irradiate                Conj/Tmut      0%         3d11      100%        5
 Lee's Rapid Deconstruct  Erth           0%         3d5*      100%        5
 Summon Hydra             Summ           0%         N/A       100%        7
 Lehudib's Crystal Spear  Conj/Erth      0%         10d2      100%        8


Dungeon Overview and Level Annotations

Branches:
Dungeon (9/15)             Temple (1/1) D:4            Lair (0/5) D:9
    Orc (0/2) D:9

Altars:
Ashenzari
Cheibriados
Dithmenos
Elyvilon
Fedhas
Gozag
Hepliaklqana
Kikubaaqudgha
Makhleb
Nemelex Xobeh
Okawaru
Qazlal
Ru
Sif Muna
Trog
Uskayaw
Vehumet
Wu Jian
Xom
Yredelemnul
Zin
The Shining One

Shops:
D:2 (   D:8 [

Annotations:
D:9 exclusion: 2 lava snakes


Innate Abilities, Weirdness & Mutations

You are very small and have problems with some larger weapons.
You are too small for most types of armour.
You have supernaturally acute eyesight. (SInv)
You cover ground extremely quickly. (Speed+++)
You have a pair of small horns on your head.
You are agile. (Dex +4, Str/Int -1)
You are strong-willed. (Will+)


Message History

You drop a +0 robe.
As you read the scroll of identify, it crumbles to dust.
F - 3 potions of attraction
As you read the scroll of identify, it crumbles to dust.
A - 2 potions of heal wounds
As you read the scroll of identify, it crumbles to dust.
Q - 2 scrolls of immolation
As you read the scroll of identify, it crumbles to dust.
B - 2 scrolls of blinking
As you read the scroll of identify, it crumbles to dust.
m - 2 scrolls of brand weapon
As you read the scroll of identify, it crumbles to dust.
v - 2 scrolls of poison You fly downwards.
Level annotation: exclusion: 2 lava snakes
There is a stone staircase leading up here.
Found a staircase to the Lair.
There is a stone staircase leading up here.
The eight-headed hydra roars!
The eight-headed hydra misses you.
The eight-headed hydra completely misses you. x2
The eight-headed hydra misses you.
The eight-headed hydra barely misses you.
The eight-headed hydra closely misses you.
The eight-headed hydra bites you. x2
You fly upwards.
There is a stone staircase leading down here.
You see here a +0 robe.
You hit the eight-headed hydra. You burn the eight-headed hydra.
The eight-headed hydra is lightly wounded.
You block the eight-headed hydra's attack.
The eight-headed hydra bites you. The eight-headed hydra bites you! x2
* * * LOW HITPOINT WARNING * * *
The eight-headed hydra bites you!
* * * LOW HITPOINT WARNING * * *
The eight-headed hydra misses you.
The eight-headed hydra closely misses you.
The eight-headed hydra bites you!
You die...
Your body crumbles into a pile of gold.

#.................# #.#.####
######.#.#.#.#.#######.###.#.####
....#......#.#.# #.#.#.#.##..
###.#....<...#.# #...#.#.##..
..#.###.##.###.# #.#...#.....
..#.###)##.# #.# #.########..
..#.....##.# #.# #.# #..
..#####.##.###.#######.# #.#
..##.....>..##..@D.....# #.#
..........).#####...###########.#
..#.........#####.#######.......#
..#.#..#.##...............##.####
<...#..#.......#############.# #.
).###........................###.
..# ##.####.################.....
).# #).>...# #...........##..#.
.## ##.###### #..#######..##..#.


You could see an eight-headed hydra.

Vanquished Creatures
  An elephant (D:8)
  Joseph (D:8)
  Grinder (D:7)
  Sigmund (D:5)
  2 wyverns
  3 yaks
  A steam dragon (D:7)
  Duvessa (D:6)
  A water moccasin (D:7)
  An ice beast (D:5)
  An ogre (D:5)
  3 centaurs
  A kobold brigand (D:8)
  2 bullfrogs (D:7)
  3 necrophages
  2 scorpions
  4 wights (D:8)
  4 killer bees
  Dowan (D:6)
  A hound (D:6)
  A gnoll bouda (D:8)
  A jelly (D:5)
  4 iguanas
  Crazy Yiuf (D:6)
  An orc wizard (D:5)
  3 adders
  11 gnolls
  A shadow imp (D:6)
  4 worms
  5 dart slugs
  5 orcs
  2 endoplasms
  2 giant cockroaches
  9 goblins
  A hobgoblin (D:3)
  5 jackals
  4 quokkas
  4 ball pythons
  3 bats
  5 frilled lizards
  17 kobolds
  8 rats
132 creatures vanquished.

Vanquished Creatures (others)
  4 fungi (D:9)
4 creatures vanquished.

Grand Total: 136 creatures vanquished

Notes
Turn   | Place    | Note
-------+----------+-------------------------------------------
     0 | D:5      | Descartes the Spriggan Delver began the quest for the Orb.
     0 | D:5      | Reached XP level 1. HP: 11/11 MP: 2/2
    24 | D:5      | Noticed Sigmund
   170 | D:3      | Reached XP level 2. HP: 15/16 MP: 3/3
   518 | D:3      | Identified the +6 mace "Zorissu" {flame, rN+}
   853 | D:3      | Reached skill level 8 in Stealth
   853 | D:3      | Reached XP level 3. HP: 19/19 MP: 4/4
  1310 | D:2      | Found a radiant altar of Vehumet.
  1686 | D:2      | Found Orusunu's Weapon Shoppe.
  1807 | D:2      | Identified the ring "Gaoni" {Fly rC+ Dex+4}
  1863 | D:1      | Reached XP level 4. HP: 23/23 MP: 5/5
  2561 | D:1      | Found a faded altar of an unknown god.
  3007 | D:4      | Found a staircase to the Ecumenical Temple.
  3021 | Temple   | Entered the Ecumenical Temple
  3066 | Temple   | Became a worshipper of Gozag Ym Sagoz the Greedy
  3309 | D:4      | Noticed a scorpion
  3320 | D:4      | Killed a scorpion
  3321 | D:4      | Reached skill level 9 in Stealth
  3321 | D:4      | Reached XP level 5. HP: 14/27 MP: 6/6
  3613 | D:4      | Found a hide-covered altar of Uskayaw.
  3681 | D:4      | Reached skill level 1 in Maces & Flails
  3962 | D:5      | Killed Sigmund
  3963 | D:5      | Reached skill level 5 in Dodging
  3963 | D:5      | Reached skill level 10 in Stealth
  3963 | D:5      | Reached XP level 6. HP: 32/32 MP: 7/7
  4292 | D:5      | Reached skill level 11 in Stealth
  4336 | D:5      | Noticed an ice beast
  4350 | D:5      | Killed an ice beast
  4351 | D:5      | Reached XP level 7. HP: 29/35 MP: 5/8
  4998 | D:6      | Noticed Duvessa
  4998 | D:6      | Noticed Dowan
  5299 | D:7      | Reached skill level 12 in Stealth
  5514 | D:6      | Noticed Grinder
  5531 | D:7      | Killed Grinder
  5532 | D:7      | Reached XP level 8. HP: 35/39 MP: 6/9
  5615 | D:7      | Reached skill level 13 in Stealth
  5802 | D:7      | Found a snail-covered altar of Cheibriados.
  5804 | D:7      | Found a burning altar of Makhleb.
  5808 | D:7      | Found a sacrificial altar of Ru.
  6687 | D:6      | Found a runed translucent door.
  6688 | D:6      | Noticed Crazy Yiuf
  6695 | D:6      | Killed Crazy Yiuf
  6814 | D:6      | Killed Duvessa
  6838 | D:6      | Killed Dowan
  6839 | D:6      | Reached skill level 14 in Stealth
  7042 | D:6      | Gained mutation: Armour fits poorly on your strangely
                  | shaped body. [potion of mutation]
  7042 | D:6      | Gained mutation: You occasionally lose the ability to drink
                  | potions when taking damage. [potion of mutation]
  7043 | D:6      | Lost mutation: You occasionally lose the ability to drink
                  | potions when taking damage. [potion of mutation]
  7043 | D:6      | Lost mutation: Armour fits poorly on your strangely shaped
                  | body. [potion of mutation]
  7043 | D:6      | Gained mutation: You are agile. (Dex +4, Str/Int -1)
                  | [potion of mutation]
  7043 | D:6      | Gained mutation: You have a pair of small horns on your
                  | head. [potion of mutation]
  7043 | D:6      | Gained mutation: You are strong-willed. (Will+) [potion of
                  | mutation]
  7317 | D:8      | Learned a level 3 spell: Teleport Other
  7654 | D:8      | HP: 1/39 [gnoll/+0 spear[a gnoll bouda] (2)]
  8064 | D:7      | Reached skill level 1 in Translocations
  8064 | D:7      | Reached XP level 9. HP: 16/43 MP: 3/10
  8658 | D:8      | Found Kanox's Armour Emporium.
  8664 | D:8      | Bought a +0 robe of resistance for 387 gold pieces
  9127 | D:8      | Identified the +0 helmet "Faoptiuscha" {Harm rPois Int-2
                  | Stlth+}
  9162 | D:8      | Noticed Joseph
  9169 | D:8      | Killed Joseph
  9170 | D:8      | Reached skill level 15 in Stealth
  9341 | D:8      | Found a glowing golden altar of the Shining One.
  9343 | D:8      | Noticed an angel
  9379 | D:8      | Found a basalt altar of Yredelemnul.
  9382 | D:8      | Noticed a profane servitor
  9483 | D:9      | Found an iron altar of Okawaru.
  9835 | D:9      | Found a shimmering altar of Xom.
  9835 | D:9      | Found a bloodstained altar of Trog.
 10054 | D:9      | Noticed a brown ugly thing
 10066 | D:9      | HP: 2/43 [acid (7)]
 10252 | D:9      | HP: 1/43 [acid (5)]
 10577 | D:9      | Found a staircase to the Orcish Mines.
 10583 | D:9      | Noticed an elephant
 10583 | D:9      | Noticed an eight-headed hydra
 10921 | D:8      | HP: 2/43 [elephant (12)]
 11491 | D:8      | Killed an elephant
 11492 | D:8      | Reached skill level 16 in Stealth
 11492 | D:8      | Reached skill level 5 in Translocations
 11697 | D:8      | Reached XP level 10. HP: 29/47 MP: 11/11
 11826 | D:9      | Found a staircase to the Lair.
 11845 | D:8      | Mangled by an eight-headed hydra

Illustrated notes

Levels and vault maps discovered:
D:1:      saegor_arrival_fortress, layout_loops_corners,
          shapermc_ecumenical_altar_petra
D:2:      layout_basic, basic_altar, serial_shops, nicolae_square_shop,
          kennysheep_decorative_pillar, kennysheep_crisscross
D:3:      layout_basic, minmay_unequal
D:4:      layout_rooms, mainiacjoe_overflow_boulevard, temple_hall
D:5:      layout_basic, uniq_sigmund
D:6:      layout_loops_ring, uniq_crazy_yiuf_cottage, uniq_duvessa, uniq_grinder
D:7:      layout_basic, grunt_temple_overflow_diamond
D:8:      layout_loops_cross, grunt_temple_overflow_holy_war,
          serial_co_window_serial, co_window_paths_b, co_window_paths_a,
          co_window_corner_a, co_window_paths_a, co_window_corner_a,
          co_window_paths_a, co_window_of_opportunity_b, co_window_broadway_a,
          co_window_paths_c, co_window_paths_e, co_window_4corner_a,
          glass_columns_c, glass_columns_a, glass_columns_a, glass_columns_a,
          serial_shops, nicolae_shop_temple_entry_statues_fountains, uniq_joseph
D:9:      layout_roguey, lemuel_crystal_altar,
          gammafunk_temple_overflow_elements, david_lair_generic, orc_0_dummy,
          kennysheep_pointless_box, dreamdust_mushroom_princess
Temple:   compressed_dpeg_triangle_lava_temple

Skill      XL: |  1  2  3  4  5  6  7  8  9 |
---------------+----------------------------+-----
Dodging        | 3 4 5 6 8 9 |  9.5
Stealth        | 8 9 10 11 12 14 16 | 16.4
Maces & Flails | 1 2 3 4 |  4.8
Translocations | 1 5 |  5.4
Fighting       | |  2.4
Short Blades   | |  2.5

Action                   |  1- 3 |  4- 6 |  7- 9 | 10-12 || total
-------------------------+-------+-------+-------+-------++-------
Melee: Short sword       |    35 |       |       |       ||    35
       Mace              |    39 |    74 |   286 |     1 ||   400
       Punch             |       |     2 |    12 |       ||    14
       Headbutt          |       |       |    50 |       ||    50
  Use: Scroll            |       |       |     4 |     6 ||    10
       Potion            |       |       |     2 |       ||     2
 Stab: Sleeping          |    14 |    14 |    15 |       ||    43
       Distracted        |       |       |     4 |       ||     4
Armor: Robe              |     7 |     2 |    21 |       ||    30
Dodge: Dodged            |    49 |    59 |   349 |     8 ||   465
Block: Other             |       |       |    22 |     1 ||    23
